[Event "*** Titled Tuesday Blitz"]
[Site "Chess.com"]
[Date "2020.04.21"]
[Round "6"]
[White "DDTerziev04"]
[Black "Stormeman100100"]
[Result "0-1"]
[WhiteElo "2288"]
[BlackElo "2452"]
[TimeControl "180+1"]
[EndTime "11:07:33 PDT"]
[Termination "Stormeman100100 won by resignation"]

1. e4 c5 2. Nf3 Nc6 3. Bb5 d6 4.
O-O Bd7 5. Re1 Nf6 6. c3 a6 7. Bf1 Bg4 8. d3 g6 9. h3 Bxf3 10. Qxf3 Bg7 11. Bf4 O-O 12. Nd2 Nd7 13. a4 b5 14. axb5 axb5 15. Qe2 Qb6 16. Nf3 b4 17. c4 b3 18. g4 Ra2 19. Rab1 Nb4 20. e5 dxe5 21.
Nxe5 Nxe5 22. Bxe5 Bxe5 23. Qxe5 e6 24. h4 Nc2 25. Re4 Nd4 26. Rf4 Qb8 27. Qf6 e5 28. Re4 Re8 29. h5 Re6 0-1

[Event "*** Titled Tuesday Blitz"]
[Site "Chess.com"]
[Date "2020.04.21"]
[Round "6"]
[White "GadimbayliA"]
[Black "Disturbed01"]
[Result "1-0"]
[WhiteElo "2925"]
[BlackElo "2659"]
[TimeControl "180+1"]
[EndTime "11:07:34 PDT"]
[Termination "GadimbayliA won by resignation"]

1. e4 c5 2. Nf3 Nc6 3. Bb5 d6 4. Bxc6+ bxc6 5. O-O e5 6. c3 f5 7. exf5 e4 8. Re1 Bxf5 9. d3 d5 10. dxe4 dxe4 11. Qa4 Qc7 12. Nbd2 Nf6 13. Nh4 Bg6 14. Nxg6 hxg6 15. h3 O-O-O 16. Nxe4 Nd5 17. Ng5 Bd6 18. Ne6 Rde8 19. Bg5 Qd7 20. Nf4 Bxf4 21. Bxf4 Kb7 22. Bg3 g5 23. Qc4 Qf7 24. Qxc5 g4 25. c4 Nb6 26.
hxg4 g6 27. a4 Qh7 28. f3 Qh1+ 29. Kf2 Qh7 30. a5 Nc8 31. a6+ Ka8 32. Qxc6+ 1-0

[Event "*** Titled Tuesday Blitz"]
[Site "Chess.com"]
[Date "2020.04.21"]
[Round "6"]
[White "crywolf1986"]
[Black "maxip32"]
[Result "1-0"]
[WhiteElo "2587"]
[BlackElo "2423"]
[TimeControl "180+1"]
[EndTime "11:07:39 PDT"]
[Termination "crywolf1986 won by resignation"]

1. d4 Nf6 2. Nf3 g6 3. c4 Bg7 4.
g3 O-O 5. Bg2 d6 6. O-O Nbd7 7.
Nc3 e5 8. e3 Re8 9. b3 exd4 10.
exd4 c6 11. Bf4 d5 12. Ne5 Nb6 13. c5 Nbd7 14. Nxd7 Bxd7 15. Be5 Bf5 16. Re1 Qd7 17. Qd2 h5 18. h4 Ne4 19. Nxe4 dxe4 20. Bxg7 Kxg7 21.
Rad1 Rad8 22. Qf4 Bg4 23. Rd2 f5 24. Bf1 b5 25. cxb6 axb6 26. a4 Qd6 27. Qxd6 Rxd6 28. b4 Red8 29. a5 bxa5 30. bxa5 c5 31. d5 Rxd5 32.
Rxd5 Rxd5 33. a6 Rd7 34. Rb1 c4 35. Rb7 1-0

[Event "*** Titled Tuesday Blitz"]
[Site "Chess.com"]
[Date "2020.04.21"]
[Round "6"]
[White "noblerone"]
[Black "calin_dragomirescu"]
[Result "1-0"]
[WhiteElo "2457"]
[BlackElo "2298"]
[TimeControl "180+1"]
[EndTime "11:07:39 PDT"]
[Termination "noblerone won by resignation"]

1. d4 g6 2. Nf3 Bg7 3. Bg5 Nf6 4. Nbd2 O-O 5. e3 d6 6. Bc4 b6 7. Bxf6 Bxf6 8. Bd5 c6 9. Bb3 d5 10. c4 e6 11. O-O Nd7 12. e4 dxc4 13. Nxc4 Qc7 14. e5 Bg7 15. Nd6 c5 16. Rc1 Ba6 17. Re1 Rad8 18. Ng5 Bh6 19. f4 Bxg5 20. fxg5 Qb8 21.
Ne4 cxd4 22. Nf6+ Kg7 23. Qxd4 Nc5 24. Qh4 h5 25. gxh6+ Kh8 26. Rxc5 bxc5 27. Nd7 g5 28. Qxg5 Rg8 29. Qf6+ Kh7 30. Nxb8 Bb7 31. Qxf7+ Kxh6 32. Qf6+ Kh7 33. Bc2+ 1-0

[Event "*** Titled Tuesday Blitz"]
[Site "Chess.com"]
[Date "2020.04.21"]
[Round "6"]
[White "ENEASZ"]
[Black "HanSchut"]
[Result "1-0"]
[WhiteElo "2522"]
[BlackElo "2269"]
[TimeControl "180+1"]
[EndTime "11:07:41 PDT"]
[Termination "ENEASZ won on time"]

1. e4 c5 2. c3 g6 3. d4 cxd4 4. cxd4 d5 5. Nc3 dxe4 6. Bc4 Bg7 7. Qb3 e6 8. d5 Nf6 9. dxe6 fxe6 10. Bxe6 Bxe6 11.
Qxe6+ Qe7 12. Qxe7+ Kxe7 13. Bg5 Re8 14. Nge2 Kf7 15. O-O Nc6 16. Ng3 h6 17. Bxf6 Bxf6 18. Ngxe4 Be5 19. g3 Rad8 20. Rad1 Nd4 21. Kg2 b5 22.
Rd3 b4 23. Na4 Nc2 24. Rf3+ Kg7 25. Rc1 Nd4 26. Rd3 Nf5 27. Rxd8 Rxd8 28. Rc5 Bd4 29. Rc7+ Kh8 30. Nac5 Bxc5 31. Rxc5 Re8 32. f3 Ne3+ 33. Kh3 Nd1 34. b3 h5 35. Kh4 Kg7 36. Kg5 Rf8 37. Rc7+ Rf7 38. Rxf7+ Kxf7 39. Nd6+ Kg7 40.
Ne8+ Kf7 41. Nd6+ Kg7 42. Nb5 a5 43. Nd4 Nc3 44. Nc6 Nxa2 45. Nxa5 Nc1 46. Nc6 Nxb3 47. Nxb4 Nd2 48. Kf4 Kh6 49. h4 1-0

[Event "*** Titled Tuesday Blitz"]
[Site "Chess.com"]
[Date "2020.04.21"]
[Round "6"]
[White "bakki78"]
[Black "Mfcyryd"]
[Result "1-0"]
[WhiteElo "2771"]
[BlackElo "2532"]
[TimeControl "180+1"]
[EndTime "11:07:43 PDT"]
[Termination "bakki78 won by resignation"]

1. e4 c6 2. d4 d5 3. e5 Bf5 4. Be2 h6 5. Nf3 e6 6. O-O Ne7 7. c3 g5 8. Ne1 Bg7 9. Nd3 Nd7 10. f4 Ng6 11. Bh5 Ndf8 12. g4 Bxd3 13. Qxd3 gxf4 14. Bxf4 Qd7 15. Bg3 O-O-O 16. Nd2 Qe7 17. Qf3 Rd7 18. b4 Nh4 19. Qf2 Nhg6 20. Nb3 b6 21. a4 Nh7 22. h4 Kb7 23. b5 Rc7 24. a5 cxb5 25. axb6 axb6 26. Qa2 Rb8 27. Qa6+ Kc6 28. Na5+ Kd7 29. Qxb5+ Kc8 30. Rab1 Rxc3 31. Be1 Rc7 32. Nc6 Qd7 33. Nxb8 Qxb5 34. Rxb5 Kxb8 35. Bxg6 fxg6 36. Rxb6+ Ka7 37. Rxe6 Nf8 38. Rd6 Nd7 39. Rf7 1-0

[Event "*** Titled Tuesday Blitz"]
[Site "Chess.com"]
[Date "2020.04.21"]
[Round "6"]
[White "OhanyanEminChess"]
[Black "northridgehawk"]
[Result "1-0"]
[WhiteElo "2499"]
[BlackElo "2217"]
[TimeControl "180+1"]
[EndTime "11:07:44 PDT"]
[Termination "OhanyanEminChess won on time"]

1. e4 e5 2. Nf3 Nc6 3. Bc4 Nf6 4. d3 Bc5 5. O-O d6 6. c3 a6 7. d4 Ba7 8. Re1 h6 9. dxe5 Nxe5 10. Nxe5 dxe5 11.
Qxd8+ Kxd8 12. Bxf7 Ke7 13. Bb3 Rd8 14. Be3 c5 15.
Nd2 b5 16. Bc2 Be6 17. Nf3 Ng4 18. a3 Nxe3 19. fxe3 c4 20. Kf2 Rd7 21. Nxe5 Rd2+ 22. Re2 Rxe2+ 23. Kxe2 Bc5 24. Nc6+ Kd6 25. Nd4 Bd7 26.
Rd1 Kc7 27. Rf1 Re8 28. Rf7 1-0

[Event "*** Titled Tuesday Blitz"]
[Site "Chess.com"]
[Date "2020.04.21"]
[Round "6"]
[White "dalmatinac101"]
[Black "Caracternin123"]
[Result "1-0"]
[WhiteElo "2812"]
[BlackElo "2640"]
[TimeControl "180+1"]
[EndTime "11:07:46 PDT"]
[Termination "dalmatinac101 won by checkmate"]

1. e4 Nf6 2. e5 Nd5 3. d4 d6 4.
Nf3 g6 5. Bc4 Nb6 6. Bb3 Bg7 7.
a4 a5 8. Ng5 e6 9. f4 dxe5 10.
fxe5 O-O 11. O-O c5 12. c3 cxd4 13. cxd4 Nc6 14. Be3 Nd5 15. Bxd5 exd5 16. Nc3 h6 17. Nf3 Be6 18. Ne1 f6 19. exf6 Rxf6 20. Nf3 Qd7 21. Qd2 Kh7 22. Ne5 Rxf1+ 23. Rxf1 Bxe5 24. dxe5 d4 25. Ne4 Qc7 26. Nf6+ Kh8 27. Bxh6 Qxe5 28. Qf2 Ne7 29. Qh4 Nf5 30. Rxf5 Qxf5 31. Bg5+ Kg7 32. Qh7+ Kf8 33. Bh6# 1-0

[Event "*** Titled Tuesday Blitz"]
[Site "Chess.com"]
[Date "2020.04.21"]
[Round "6"]
[White "tsvet2005"]
[Black "kreonx"]
[Result "1-0"]
[WhiteElo "2519"]
[BlackElo "2254"]
[TimeControl "180+1"]
[EndTime "11:07:46 PDT"]
[Termination "tsvet2005 won by resignation"]

1. d4 f5 2. c4 Nf6 3. Nf3 g6 4. e3 Bg7 5. b4 a5 6. b5 d6 7. Bb2 Nbd7 8. Be2 e5 9. dxe5 Ng4 10. O-O Ngxe5 11. Nxe5 Nxe5 12. Qc2 O-O 13. Nd2 b6 14. Nf3 Qe7 15. Rad1 Bb7 16. Nd4 Rfe8 17. a4 Rad8 18. Qb3 Kh8 19. Rfe1 Nd7 20. Bf1 Nc5 21. Qa2 Qg5 22.
g3 Ne4 23. Bg2 Qe7 24. Qa1 Ba8 25. h4 Nc5 26. Bxa8 Rxa8 27. h5 Rf8 28. hxg6 hxg6 29. Kg2 Kg8 30. f3 Rf7 31. Nc6 Bxb2 32. Nxe7+ Rxe7 33. Qxb2 Nxa4 34. Qd4 Nc5 35. Qd5+ Kg7 36. Qxa8 1-0

[Event "*** Titled Tuesday Blitz"]
[Site "Chess.com"]
[Date "2020.04.21"]
[Round "6"]
[White "WinningButNotReally"]
[Black "picturesquecheck"]
[Result "1-0"]
[WhiteElo "2410"]
[BlackElo "2196"]
[TimeControl "180+1"]
[EndTime "11:07:46 PDT"]
[Termination "WinningButNotReally won by resignation"]

1. Nf3 c5 2. g3 Nc6 3. Bg2 g6 4. O-O Bg7 5. e4 d6 6. c3 Nf6 7. Qc2 O-O 8. d4 Bg4 9. Be3 Rc8 10. d5 Bxf3 11. Bxf3 Ne5 12. Be2 a6 13. a4 h5 14.
h3 b5 15. axb5 axb5 16. f4 Nc4 17. Bxc4 bxc4 18. Na3 Qd7 19. Kg2 h4 20. Nxc4 Qb5 21. b3 hxg3 22. Ra7 Rfe8 23. Ra5 Qb7 24. Kxg3 Rb8 25.
Rb1 Nh5+ 26. Kf3 Ra8 27. b4 Qd7 28. Kg2 e6 29. Nb6 Qb7 30. Nxa8 exd5 31. bxc5 dxc5 32. Rxb7 1-0

[Event "*** Titled Tuesday Blitz"]
[Site "Chess.com"]
[Date "2020.04.21"]
[Round "6"]
[White "Jbd735"]
[Black "Hanging_pointer"]
[Result "0-1"]
[WhiteElo "2454"]
[BlackElo "2607"]
[TimeControl "180+1"]
[EndTime "11:07:49 PDT"]
[Termination "Hanging_pointer won on time"]

1. e4 c6 2. d4 d5 3. Nc3 dxe4 4. Nxe4 Nf6 5. Nxf6+ exf6 6. c3 Bd6 7. Bd3 Be6 8. Qc2 Qc7 9. Ne2 Nd7 10. Be3 O-O-O 11. O-O-O Kb8 12. Kb1 Bg4 13. c4 c5 14. f3 Bh5 15. Nc3 cxd4 16. Nb5 Qb6 17. Bxd4 Bc5 18.
Bf5 Bg6 19. Bxc5 Nxc5 20. Bxg6 hxg6 21. Nc3 Rxd1+ 22. Qxd1 Ne6 23. h3 g5 24. Nd5 Qc5 25. Qe2 Rc8 26. b3 a6 27. Qe3 Qxe3 28. Nxe3 Nf4 29. g3 Ne2 30. g4 Nd4 31. Rf1 Rh8 32. Rd1 Nxf3 33. Rd7 Ne5 34. Re7 Rxh3 35. Nf5 Nxg4 36.
Nd6 Ne5 37. Rxb7+ Ka8 38. c5 g4 39. Rc7 Rh8 0-1

[Event "*** Titled Tuesday Blitz"]
[Site "Chess.com"]
[Date "2020.04.21"]
[Round "6"]
[White "DaggiGretarsson"]
[Black "djano"]
[Result "0-1"]
[WhiteElo "2593"]
[BlackElo "2478"]
[TimeControl "180+1"]
[EndTime "11:07:50 PDT"]
[Termination "djano won by resignation"]

1. d4 Nf6 2. c4 e6 3. Nf3 b6 4. Bf4 Bb7 5. e3 Bb4+ 6. Nfd2 O-O 7. a3 Be7 8. Nc3 d6 9. e4 Nbd7 10. Be3 e5 11. d5 c6 12. Be2 Re8 13. O-O Nf8 14. b4 Ng6 15. Re1 Bf8 16. Nb3 Rc8 17.
Qd2 cxd5 18. cxd5 Rxc3 19. Qxc3 Nxe4 20. Qc2 Bxd5 21. Red1 Bb7 22. Bf3 Qa8 23. Nd2 Rc8 24.
Qb2 Nh4 25. Rac1 Nxd2 26. Rxc8 Ndxf3+ 27. gxf3 Nxf3+ 28. Kf1 Qxc8 0-1

[Event "*** Titled Tuesday Blitz"]
[Site "Chess.com"]
[Date "2020.04.21"]
[Round "6"]
[White "Gyapiking"]
[Black "Frogo47"]
[Result "1-0"]
[WhiteElo "2359"]
[BlackElo "2466"]
[TimeControl "180+1"]
[EndTime "11:07:51 PDT"]
[Termination "Gyapiking won by checkmate"]

1. c4 e5 2. g3 Nc6 3. Nc3 Bc5 4. Bg2 d6 5. e3 a6 6. Nge2 Ba7 7. d3 h5 8. h3 h4 9. g4 f5 10. gxf5 Bxf5 11.
Nd5 Qd7 12. Nec3 O-O-O 13. b4 Nf6 14. b5 Nb8 15. Rb1 Nxd5 16. Nxd5 axb5 17. cxb5 Bc5 18.
Qa4 Bxd3 19. Ba3 Bxb1 20. O-O Bd3 21. Rc1 Qxb5 22. Qg4+ Nd7 23. Bxc5 dxc5 24. a4 Qa5 25. Qd1 c4 26. Rb1 Nb6 27. Rb5 Qa6 28. Nb4 Qxa4 29.
Bxb7+ Kb8 30. Qxa4 Nxa4 31. Nc6# 1-0

[Event "*** Titled Tuesday Blitz"]
[Site "Chess.com"]
[Date "2020.04.21"]
[Round "6"]
[White "Larina_Marija"]
[Black "ShieldingOff"]
[Result "0-1"]
[WhiteElo "2243"]
[BlackElo "2022"]
[TimeControl "180+1"]
[EndTime "11:07:51 PDT"]
[Termination "ShieldingOff won by resignation"]

1. e4 c5 2. Nc3 Nc6 3. g3 g6 4. Bg2 Bg7 5. d3 d6 6. Be3 e6 7. Qd2 Nge7 8. Bh6 O-O 9. Nge2 Nd4 10.
Bxg7 Kxg7 11. Nxd4 cxd4 12. Ne2 e5 13. f4 Bd7 14.
O-O Rc8 15. c4 b5 16. b3 bxc4 17. bxc4 Rb8 18. Rab1 Qc7 19. h3 Rb6 20. Rb3 Rfb8 21. Rfb1 Nc6 22. Rxb6 Rxb6 23. Rxb6 Qxb6 24. Kh2 Qb1 25. g4 Nb4 26. Nc1 Nc2 27. f5 Ne3 28. Ne2 h5 29. g5 gxf5 30. exf5 Bxf5 31. Ng3 Bxd3 32. Qf2 Bg6 33. Qf6+ Kh7 34. Nxh5 Bxh5 35. Qh6+ Kg8 36. Qxh5 Qc2 37. Qf3 Nxg2 38. Qxg2 d3 0-1

[Event "*** Titled Tuesday Blitz"]
[Site "Chess.com"]
[Date "2020.04.21"]
[Round "6"]
[White "RubensCezila"]
[Black "nekotyanof"]
[Result "0-1"]
[WhiteElo "2416"]
[BlackElo "2277"]
[TimeControl "180+1"]
[EndTime "11:07:55 PDT"]
[Termination "nekotyanof won by resignation"]

1. c4 Nf6 2. Nc3 e5 3. g3 Nc6 4. Bg2 Bc5 5. d3 O-O 6. Nf3 Re8 7. O-O a6 8. a3 d6 9. Bd2 Bf5 10. b4 Ba7 11. Rc1 Rb8 12. Nh4 Bd7 13. Nd5 Nxd5 14.
cxd5 Nd4 15. e3 Nf5 16. Nf3 Rc8 17. Qb3 c6 18. Ne1 cxd5 19. Bxd5 Qf6 20. Bxb7 Rxc1 21. Bxc1 h5 22. Qc4 Bb5 23. Qe4 Ne7 24. Bb2 Rb8 25. Qf3 Qe6 26. Qg2 d5 27. a4 Bxa4 28. Bxa6 Qxa6 29. Bxe5 Rxb4 30. Qf3 Rb1 31. Qxh5 Bd1 32.
Qg5 Ng6 33. Qd8+ Kh7 34. f4 Bxe3+ 35. Kh1 Qa2 0-1

[Event "*** Titled Tuesday Blitz"]
[Site "Chess.com"]
[Date "2020.04.21"]
[Round "6"]
[White "SketchyMoves"]
[Black "exoticprincess"]
[Result "0-1"]
[WhiteElo "2675"]
[BlackElo "2858"]
[TimeControl "180+1"]
[EndTime "11:07:57 PDT"]
[Termination "exoticprincess won by resignation"]

1. e4 c6 2. Nc3 d5 3. d4 dxe4 4. Nxe4 Nf6 5. Nxf6+ exf6 6. c3 Bd6 7. Bd3 O-O 8. Qc2 Re8+ 9. Ne2 h5 10. O-O Nd7 11.
c4 Nf8 12. Be3 Bg4 13. h3 Bxe2 14. Bxe2 h4 15. Bf3 Qc7 16. Rfe1 g6 17. Rad1 f5 18.
c5 Bf4 19. Qd2 Bxe3 20. Rxe3 Ne6 21. b4 Nf4 22. Rde1 Rxe3 23. fxe3 Ne6 24. Qf2 Qe7 25.
Kh1 Rd8 26. Bd1 Qg5 27. Bb3 Ng7 28. e4 Nh5 29. Kg1 Ng3 30. e5 Kg7 31. b5 Ne4 32. Qb2 Qg3 33. Re2 Nc3 34. Rd2 Qe3+ 35. Kh2 Ne4 36.
Rd1 Qg3+ 37. Kg1 Qe3+ 38. Kh2 cxb5 39. d5 Qg3+ 40. Kg1 Qe3+ 41. Kh2 Nc3 42. e6 b4 43. Rd2 fxe6 44. d6 Qxc5 45. Bxe6 Rxd6 46. Bb3 Qe5+ 47. g3 Qxg3+ 48. Kh1 Qe1+ 49. Kh2 Rxd2+ 0-1

[Event "*** Titled Tuesday Blitz"]
[Site "Chess.com"]
[Date "2020.04.21"]
[Round "6"]
[White "Nastya_Rakhmangulova"]
[Black "NDePinEsPeRG"]
[Result "1-0"]
[WhiteElo "2383"]
[BlackElo "2789"]
[TimeControl "180+1"]
[EndTime "11:07:57 PDT"]
[Termination "Nastya_Rakhmangulova won by checkmate"]

1. e4 e6 2. d4 d5 3. Nc3 Bb4 4. e5 c5 5. a3 Bxc3+ 6. bxc3 Qa5 7. Bd2 Qa4 8. Qb1 c4 9. h4 Nc6 10. h5 Bd7 11. h6 Nxh6 12. Bxh6 gxh6 13. Rxh6 O-O-O 14. Nf3 Rdg8 15. Qb2 Rg6 16. Rh2 f6 17. exf6 Rxf6 18. Be2 Be8 19. Kd2 Bg6 20. Rb1 b6 21. Rbh1 Rhf8 22. Bd1 Kc7 23. Kc1 Kb7 24. Kb1 Ka6 25. Ka2 b5 26. Re1 Qa5 27. Ne5 Qc7 28. Bg4 Rxf2 29. Nxc6 Qxh2 30. Rxe6 R8f6 31. Nb8+ Kb7 32.
Qxb5+ Ka8 33. Qc6+ Kxb8 34. Re8+ Bxe8 35. Qc8# 1-0

[Event "*** Titled Tuesday Blitz"]
[Site "Chess.com"]
[Date "2020.04.21"]
[Round "6"]
[White "Berant"]
[Black "HouseOfDurin"]
[Result "1-0"]
[WhiteElo "2322"]
[BlackElo "2091"]
[TimeControl "180+1"]
[EndTime "11:07:57 PDT"]
[Termination "Berant won by resignation"]

1. e4 c5 2. Nf3 Nc6 3. d4 cxd4 4. Nxd4 e5 5. Nb5 d6 6. N1c3 a6 7. Na3 b5 8. Nd5 Nf6 9. Bg5 Be7 10. Bxf6 Bxf6 11. c3 O-O 12. Nc2 Bg5 13. a4 Rb8 14. axb5 axb5 15. Ncb4 Nxb4 16. Nxb4 Be6 17. Nc6 Qb6 18. Nxb8 Rxb8 19. Bd3 b4 20. O-O bxc3 21. bxc3 Qc5 22. Qc2 Rc8 23. c4 h5 24. Ra4 Bd7 25. Ra6 Be6 26. Rfa1 Bxc4 27. Ra8 Be6 28. Qxc5 dxc5 29. Rxc8+ Bxc8 30. Ra8 Kh7 31. Rxc8 Be7 32. Bc4 Kg6 33. Rc7 Kf6 34. h4 g6 35. Rc6+ Kg7 36. Rc7 Kf6 37. g3 1-0

[Event "*** Titled Tuesday Blitz"]
[Site "Chess.com"]
[Date "2020.04.21"]
[Round "6"]
[White "boasovietica"]
[Black "Zoffy13"]
[Result "1-0"]
[WhiteElo "2444"]
[BlackElo "2198"]
[TimeControl "180+1"]
[EndTime "11:07:57 PDT"]
[Termination "boasovietica won on time"]

1. e4 c5 2. Nf3 d6 3. Nc3 Nf6 4. Bb5+ Nbd7 5. a4 a6 6. Bc4 e6 7. O-O Be7 8. d3 O-O 9. Ng5 h6 10. Nh3 Ne5 11. Ba2 d5 12. f4 Nc6 13. e5 Nd7 14. Qh5 f6 15. Nxd5 exd5 16. Bxd5+ Kh8 17. Be4 Nd4 18. c3 f5 19. cxd4 fxe4 20. d5 Nf6 21. exf6 Bxf6 22. dxe4 Bd4+ 23. Kh1 Bxh3 24. Qxh3 Qe7 25.
Qd3 Qd7 26. Bd2 Rae8 27. Bc3 Bxc3 28. bxc3 b5 29. axb5 axb5 30. Rab1 c4 31. Qd4 Rf7 32. Rbe1 Rfe7 33. e5 Kg8 34. f5 1-0

[Event "*** Titled Tuesday Blitz"]
[Site "Chess.com"]
[Date "2020.04.21"]
[Round "6"]
[White "lolo9292"]
[Black "Jadro9"]
[Result "0-1"]
[WhiteElo "2510"]
[BlackElo "2703"]
[TimeControl "180+1"]
[EndTime "11:07:58 PDT"]
[Termination "Jadro9 won by checkmate"]

1. d4 d5 2. c4 e6 3. Nc3 a6 4. Nf3 Nf6 5. cxd5 exd5 6. Bg5 Be6 7. e3 Nbd7 8. Bd3 Bd6 9. h3 c6 10. Qc2 h6 11. Bf4 Qc7 12. Bxd6 Qxd6 13. O-O O-O 14. Rab1 a5 15. a3 Rfc8 16. b4 axb4 17. axb4 b5 18. Rb3 Nb6 19. Ne5 Nc4 20. Bxc4 dxc4 21. Rb2 Qe7 22.
Ne4 Bf5 23. Nxf6+ Qxf6 24. e4 Be6 25. f4 Qd8 26. Qf2 f6 27. Nf3 Ra3 28. f5 Bf7 29. e5 Bd5 30. e6 Bxf3 31. gxf3 Qd5 32. Re2 Qxf5 33. e7 Re8 34. Kh2 Qf4+ 35. Kg2 Rd3 36. Re4 Qd2 37. Re2 Qg5+ 38. Kh2 Qf4+ 39. Kg2 Qd6 40. Rfe1 Qxd4 41. Qg3 Qd5 42. Re6 c3 43.
Kh2 Rd2+ 44. Kh1 c2 45. Rg1 Qg5 46. Qe1 Rd1 47. Rxg5 hxg5 48. Kg2 c1=Q 49. Qe4 Qd2+ 50. Kg3 Rg1# 0-1

[Event "*** Titled Tuesday Blitz"]
[Site "Chess.com"]
[Date "2020.04.21"]
[Round "6"]
[White "Egorov_Pavel"]
[Black "mitraasz"]
[Result "1/2-1/2"]
[WhiteElo "2356"]
[BlackElo "2212"]
[TimeControl "180+1"]
[EndTime "11:07:58 PDT"]
[Termination "Game drawn - insufficient material"]

1. d4 Nf6 2. c4 g6 3. Nc3 Bg7 4. e4 d6 5. Nf3 O-O 6. Be2 Nbd7 7. O-O e5 8. Be3 Ng4 9. Bg5 f6 10. Bd2 f5 11. Bg5 Bf6 12. Bxf6 Ngxf6 13. dxe5 dxe5 14.
exf5 gxf5 15. Ng5 Nc5 16. Bh5 Qxd1 17. Bxd1 e4 18. b4 Nd3 19. a3 h6 20. Nh3 Be6 21. Bb3 c6 22. Ne2 b5 23. Nd4 Bxc4 24.
Bxc4+ bxc4 25. Nxf5 Kh7 26. Ra2 Nd5 27. Nd4 c5 28.
bxc5 Nxc5 29. Rc2 c3 30. Ne2 Nd3 31. f3 exf3 32. Rxf3 Rxf3 33. gxf3 Rc8 34. Nf2 Ne3 35. Rxc3 Rxc3 36. Nxc3 Nxf2 37. Kxf2 Nc2 38. a4 Kg6 39. Nb5 a6 40. Nc7 Nb4 41. Ke3 Kf5 42. Kd4 Kf4 43. Kc4 a5 44. Nd5+ Nxd5 45. Kxd5 Kxf3 46. Kc5 Kg2 47. Kb5 Kxh2 48. Kxa5 Kg1 49. Kb6 h5 50.
a5 h4 51. a6 h3 52. a7 h2 53. a8=Q h1=Q 54. Qxh1+ Kxh1 1/2-1/2

[Event "*** Titled Tuesday Blitz"]
[Site "Chess.com"]
[Date "2020.04.21"]
[Round "6"]
[White "Rud_Makarian"]
[Black "S2PAc"]
[Result "1-0"]
[WhiteElo "2655"]
[BlackElo "2778"]
[TimeControl "180+1"]
[EndTime "11:07:59 PDT"]
[Termination "Rud_Makarian won by resignation"]

1. d4 Nf6 2. c4 b6 3. f3 Nc6 4.
Nc3 e5 5. d5 Na5 6. e3 Bb4 7.
Qc2 O-O 8. Bd3 Re8 9. Ne2 Nb7 10.
a3 Bxc3+ 11. Nxc3 Nc5 12. Be2 a5 13. b3 e4 14. O-O d6 15. f4 Bg4 16. Bb2 Qd7 17.
h3 Bxe2 18. Nxe2 Qd8 19. Bd4 Nfd7 20. Nc3 Qe7 21. Nb5 Nf8 22. Bc3 f5 23. Nd4 Qf7 24. g4 fxg4 25. hxg4 Nfd7 26. Qg2 Nf8 27. Nf5 Ng6 28.
Nxg7 Nh4 29. Qh3 Nf3+ 30. Kg2 Nxb3 31. Rh1 Qg6 32. f5 Ng5 33. fxg6 Nxh3 34. Rxh3 hxg6 35. Rah1 1-0

[Event "*** Titled Tuesday Blitz"]
[Site "Chess.com"]
[Date "2020.04.21"]
[Round "6"]
[White "nfds"]
[Black "Bajecny"]
[Result "1-0"]
[WhiteElo "2542"]
[BlackElo "2370"]
[TimeControl "180+1"]
[EndTime "11:08:00 PDT"]
[Termination "nfds won by resignation"]

1. d4 d6 2. Nf3 Nf6 3. g3 Nbd7 4. Bg2 e5 5. O-O Be7 6. c4 O-O 7. Nc3 c6 8. e4 Qc7 9. Re1 a6 10. Qc2 Re8 11. Be3 Bf8 12. Rad1 b5 13. b3 bxc4 14. bxc4 Nb6 15. c5 dxc5 16. dxe5 Nfd7 17. Bf4 Qa7 18.
e6 fxe6 19. e5 Nd5 20. Ng5 g6 21. Be4 N7b6 22. Nxd5 Nxd5 23. Bxg6 hxg6 24. Qxg6+ Qg7 25. Qxe8 Rb8 26. Rb1 Rxb1 27. Rxb1 Bd7 28. Qd8 c4 29. Rb7 c3 30. Rxd7 Qg6 31. Rf7 Qh6 32.
Nxe6 Kxf7 33. Qd7+ Ne7 34. Bxh6 Bxh6 35. Nd8+ Kf8 36.
Qe6 1-0

[Event "*** Titled Tuesday Blitz"]
[Site "Chess.com"]
[Date "2020.04.21"]
[Round "6"]
[White "Sashadav97"]
[Black "Chichin_chao"]
[Result "1-0"]
[WhiteElo "2568"]
[BlackElo "2370"]
[TimeControl "180+1"]
[EndTime "11:08:01 PDT"]
[Termination "Sashadav97 won by resignation"]

1. d4 Nf6 2. c4 d6 3. Nc3 Nbd7 4. Nf3 e5 5. Bg5 Be7 6. e3 O-O 7. Qc2 c6 8. O-O-O Ne8 9. h4 f6 10. dxe5 Nxe5 11. Nxe5 fxe5 12. f4 Bf5 13. Bd3 Bxd3 14. Qxd3 exf4 15. exf4 Qc7 16. Ne4 Rd8 17. Bxe7 Qxe7 18.
Ng5 g6 19. Rde1 Qf6 20. Ne6 Ng7 21. Nxf8 Qxf4+ 22. Kb1 Rxf8 23. Re7 Rf7 24. Rxf7 Qxf7 25. Qxd6 Nf5 26. Qb8+ Kg7 27. Qxa7 Qxc4 28. Qxb7+ Kh6 29.
Qb3 Qe4+ 30. Qc2 Qe6 31. Qd2+ Kg7 32. h5 gxh5 33. Qg5+ Kf7 34. Qxh5+ Kg7 35. Qxh7+ Kf6 36. Rf1 Qe4+ 37. Ka1 Qd3 38. Qxf5+ Qxf5 39. Rxf5+ Kxf5 40. a4 1-0

[Event "*** Titled Tuesday Blitz"]
[Site "Chess.com"]
[Date "2020.04.21"]
[Round "6"]
[White "12teen"]
[Black "MarcoRiehle"]
[Result "1-0"]
[WhiteElo "2768"]
[BlackElo "2607"]
[TimeControl "180+1"]
[EndTime "11:08:02 PDT"]
[Termination "12teen won by resignation"]

1. g3 c5 2. Bg2 Nc6 3. c3 e5 4.
e4 Nge7 5. d3 d5 6. Nd2 Be6 7.
Ngf3 f6 8. O-O d4 9. c4 Qd7 10. a3 O-O-O 11. b4 g5 12. Qa4 Ng6 13. b5 Nb8 14.
Qxa7 Rg8 15. Nb3 Qc7 16. a4 Nf4 17. gxf4 gxf4 18. Kh1 Rd7 19. Ba3 Rdg7 20. Rg1 Bg4 21. Nxc5 Bh5 22. Bh3+ Kd8 23. Ne6+ Kd7 24. Nxc7+ Kxc7 25.
Qa5+ b6 26. Qa7+ 1-0

[Event "*** Titled Tuesday Blitz"]
[Site "Chess.com"]
[Date "2020.04.21"]
[Round "6"]
[White "Karacsonyi_Gellert"]
[Black "sganerdene"]
[Result "1-0"]
[WhiteElo "2507"]
[BlackElo "2651"]
[TimeControl "180+1"]
[EndTime "11:08:02 PDT"]
[Termination "Karacsonyi_Gellert won by resignation"]

1. e4 c5 2. Nf3 e6 3. d4 cxd4 4. Nxd4 Nc6 5. Nc3 d6 6. f4 Nf6 7. Be3 Be7 8. Qf3 a6 9. O-O-O Qc7 10. g4 Nxd4 11. Rxd4 b5 12. g5 Nd7 13. h4 Bb7 14.
h5 O-O-O 15. a4 e5 16. Nd5 Bxd5 17. Rxd5 exf4 18. Bxf4 Nb6 19. Rd3 Nxa4 20. e5 Qb7 21. Bh3+ Kb8 22. Qxb7+ Kxb7 23. exd6 Bf8 24. Bg2+ Ka7 25.
Be3+ Nb6 26. Rhd1 f6 27. Rc3 Bxd6 28. Rc6 Bf4 29. Bxf4 Nc4 30. Rc7+ Kb6 31. b4 a5 32. Rb7+ Ka6 33. bxa5 Kxa5 34. Bc7+ 1-0

[Event "*** Titled Tuesday Blitz"]
[Site "Chess.com"]
[Date "2020.04.21"]
[Round "6"]
[White "robertofabregas"]
[Black "RodinMihail"]
[Result "1-0"]
[WhiteElo "2118"]
[BlackElo "2348"]
[TimeControl "180+1"]
[EndTime "11:08:02 PDT"]
[Termination "robertofabregas won by resignation"]

1. e4 e5 2. d4 exd4 3. Qxd4 Nc6 4. Qc4 Nf6 5. Bd2 Be7 6. Nc3 O-O 7. O-O-O d6 8. f4 Re8 9. Bd3 Be6 10. Nd5 Kh8 11. Re1 Bf8 12. Nf3 Rc8 13. Ng5 Bxd5 14. exd5 Kg8 15. dxc6 d5 16. Qa4 bxc6 17. Nf3 c5 18. Ne5 c4 19. Bf5 Ra8 20. g4 g6 21. g5 Nh5 22. Bd7 Re7 23. Bc6 Re6 24. Bxa8 Qxa8 25. Qd7 Re7 26. Qg4 d4 27. Nxc4 c5 28.
Rhf1 Qd5 29. b3 Rb7 30. Qc8 Kg7 31. Re8 1-0

[Event "*** Titled Tuesday Blitz"]
[Site "Chess.com"]
[Date "2020.04.21"]
[Round "6"]
[White "AshotParvanyan"]
[Black "Lagmantr"]
[Result "0-1"]
[WhiteElo "2511"]
[BlackElo "2716"]
[TimeControl "180+1"]
[EndTime "11:08:04 PDT"]
[Termination "Lagmantr won by resignation"]

1. Nf3 b6 2. c4 Bb7 3. g3 Nf6 4.
Bg2 g6 5. O-O Bg7 6. d4 O-O 7.
d5 e6 8. Nc3 exd5 9. cxd5 Re8 10. Nd4 Na6 11. e4 Nc5 12. Re1 Ba6 13. b4 Nd3 14.
Re3 Ng4 15. Rxd3 Bxd3 16. Qxd3 Qf6 17. Be3 c5 18. bxc5 bxc5 19. Nde2 c4 20. Qd2 Nxe3 21. Qxe3 Qa6 22. Rc1 Rac8 23. h4 Qa3 24. Nd4 Bxd4 25.
Qxd4 Qxc1+ 26. Kh2 Qh6 27. e5 Qg7 28. f4 d6 29. Ne4 dxe5 30. fxe5 Qxe5 31. Nf6+ Kh8 32. Qf2 c3 33. Nxe8 Rxe8 34. Qxf7 c2 0-1